 Dungeon Crawl Stone Soup version bcrawl-1.41.1 (webtiles) character file.

Game seed: 5466813294313936131

381391 Grimmash the Cutter (level 11, -4/120 HPs)
             Began as a Demonspawn Archaeologist on Apr 19, 2024.
             Was an Elder of Cheibriados.
             Slain by Urug
             ... wielding a +2 great sword of flaming
              (17 damage)
             ... on level 1 of the Lair of Beasts.
             The game lasted 00:17:55 (9605 turns).

Grimmash the Cutter (Demonspawn Archaeologist)      Turns: 9605, Time: 00:17:56

Health: -4/120     AC: 26    Str: 21    XL:     11   Next: 32%
Magic:  19/19      EV:  1    Int: 27    God:    Cheibriados [****..]
Gold:   794        SH:  0    Dex: 25    Spells: 17/20 levels left

rFire    . . .     GDR:     49% a - +2 dagger (elec)
rCold    . . .     SeeInvis .   (no shield)
rNeg     + + +     Gourm    .   (armour currently unavailable)
rPois    +         Faith    .   (helmet currently unavailable)
rElec    .         Spirit   .   (cloak currently unavailable)
rCorr    .         Reflect  .   (gloves currently unavailable)
MR       .....     Clarity  +   (boots currently unavailable) Stlth ++++......NoTele +
                                j - amulet of the acrobat
HPRegen  0.30/turn              t - +1 ring of protection
MPRegen  0.16/turn              K - +4 ring of dexterity

@: tree-form, very slow
A: giant
a: Bend Time, Defer, Temporal Distortion, Renounce Religion


You were on level 1 of the Lair of Beasts.
You worshipped Cheibriados.
Cheibriados was greatly pleased with you.
You were not hungry.
You were a tree.
You visited 3 branches of the dungeon, and saw 11 of its levels.
You also visited: Ice Cave.

You collected 794 gold pieces.

Inventory:

Hand Weapons
 a - a +2 dagger of electrocution (weapon)
 b - a +0 blowgun
 I - a +3 scimitar of flaming
 M - a +0 rapier
Missiles
 f - a curare-tipped needle
 N - 27 poisoned tomahawks (quivered)
Armour
 h - the +2 pair of gloves of Serendipity (melded) {+Fly rPois Dex+3}
   (You acquired it on level 4 of the Dungeon)

   It affects your dexterity (+3).
   It protects you from poison.
   It lets you fly.
 y - a +0 helmet
 C - a +0 chain mail
 G - a +0 troll leather armour
 Q - a +1 crystal plate armour of cold resistance (melded)
 R - a +0 hat of intelligence (melded)
 S - a +1 pair of boots of flying (melded)
Jewellery
 c - an uncursed ring of protection from fire
 j - an amulet of the acrobat (around neck)
 t - a +1 ring of protection (left branch)
 z - an uncursed ring of fire
 K - a +4 ring of dexterity (right branch)
Wands
 l - a wand of polymorph (10)
 p - a wand of iceblast (2)
 v - a wand of acid (7)
 D - a wand of paralysis (17)
Scrolls
 g - 5 scrolls of revelation
 i - 7 scrolls of identify
 m - a scroll of noise {unknown}
 n - 2 scrolls of amnesia
 o - 7 scrolls of immolation
 q - a scroll of brand weapon {unknown}
 s - 2 scrolls of fear {unknown}
 w - 4 scrolls of remove curse
 E - a scroll of blinking
 H - a scroll of torment {unknown}
 J - 2 scrolls of fog {unknown}
 L - a scroll of enchant armour {unknown}
 P - a scroll of vulnerability {unknown}
Potions
 d - a potion of flight {unknown}
 k - a potion of curing {unknown}
 r - 3 potions of lignification
 u - 2 potions of heal wounds {unknown}
 x - 2 potions of berserk rage {unknown}
 A - a potion of invisibility
 B - a potion of degeneration {unknown}
 F - a potion of cancellation {unknown}
 O - a potion of ambrosia {unknown}
Comestibles
 e - 15 rations {!d}


   Skills:
 * Level 5.5 Fighting
 * Level 6.9(7.2) Short Blades
 * Level 2.8(5.2) Long Blades
   Level 1.9 Maces & Flails
 * Level 6.6 Armour
 * Level 6.7 Dodging
 + Level 5.5 Stealth
 * Level 5.1 Spellcasting
 * Level 3.4 Conjurations
 * Level 2.7 Earth Magic
 * Level 6.1 Invocations
 * Level 3.4 Evocations


You had 17 spell levels left.
You knew the following spells:

 Your Spells              Type           Power        Failure   Level  Hunger
a - Stone Arrow           Conj/Erth      ###...       6%          3    ###....

Your spell library contained the following spells:

 Spells                   Type           Power        Failure   Level  Hunger
 Sandblast                Erth           ###...       2%          1    None
 Passwall                 Tmut/Erth      ##......     6%          2    None
 Petrify                  Tmut/Erth      ##........   38%         4    ####...
 Lee's Rapid Deconstruct  Erth           ###.......   54%         5    ######.


Dungeon Overview and Level Annotations

Branches:
Dungeon (9/12)             Temple (1/1) D:4            Lair (1/6) D:9
    Orc: D:8-11

Altars:
Ashenzari
Cheibriados
Dithmenos
Fedhas
Gozag
Hepliaklqana
Kikubaaqudgha
Lugonu
Makhleb
Nemelex Xobeh
Okawaru
Qazlal
Ru
Sif Muna
Trog
Uskayaw
Vehumet
Wu Jian
Xom
Yredelemnul

Annotations:
D:9 2 transporters, elgoggo's ghost, novice MiAK
Lair:1 Urug


Innate Abilities, Weirdness & Mutations

((You have sharp toenails.))
((You are mostly covered in thin metallic scales. (AC +3)))
((You are completely covered in sharp spines.))


Message History

Something hits you but does no damage.
You hit something. You hit something but do no damage.
You hear a zap.
A bolt of acid appears from out of thin air!
The bolt of acid hits you!!
* * * LOW HITPOINT WARNING * * *
You are splashed with acid!
* * * LOW HITPOINT WARNING * * *
You hit something. Lightning courses through something!!
No path to travel!
It was a potion of lignification.
You turn into a tree.
Your +0 hat of intelligence melds into your body.
The +2 pair of gloves of Serendipity {+Fly rPois Dex+3} melds into your body.
Your +1 pair of boots of flying melds into your body.
Your +1 crystal plate armour of cold resistance melds into your body.
You feel stupid.
You float gracefully downwards.
You feel less resistant to cold.
Your roots penetrate the ground.
Something hits you!
You die...

....#...#.....#,..#
..............##..#*
....#.........#....*
....#.............#*
..................#
....#..#......#P..#
....P..##.....#...#
.......###....##{.#
##.#...##.....##♣.#
##.##...#....[##..#
#..#....#......#..##
.........^.........#
..................##
...................#
...#..............##
#..#....#....##..##
#..#....##..#*#..#


There were no monsters in sight!

Vanquished Creatures
  Psyche (D:8)
  A hydra (D:8)
  A gelid demonspawn (IceCv)
  Pikel (D:8)
  An ice statue (IceCv)
  A black mamba (Lair:1)
  4 ice devils (IceCv)
  An efreet (D:7)
  A troll (D:6)
  2 hippogriffs
  A harpy skeleton (D:7)
  Sigmund (D:4)
  A meliai zombie (D:8)
  6 yaks (D:9)
  A steam dragon (D:7)
  2 wargs (D:9)
  A crocodile (Lair:1)
  2 porcupines (Lair:1)
  A sky beast (D:6)
  Duvessa (D:4)
  3 orc warriors
  An ice beast (D:6)
  4 ogres
  3 slaves (D:8)
  A black bear (D:6)
  A phantom (D:6)
  2 bullfrogs (D:6)
  A kobold brigand (D:9)
  Dowan (D:4)
  3 centaurs
  2 scorpions
  5 wights (D:8)
  4 orc priests
  3 howler monkeys
  3 crimson imps
  3 jellies
  5 hounds
  7 orc wizards
  2 iguanas (D:8)
  5 worker ants
  2 hound zombies
  A howler monkey zombie (D:3)
  Robin (D:4)
  2 howler monkey skeletons
  10 adders
  A shadow imp (D:9)
  11 white imps (IceCv)
  3 ufetubi (IceCv)
  3 adder zombies
  4 adder skeletons
  3 worms
  3 dart slugs
  A leopard gecko (D:1)
  28 orcs
  A giant cockroach (D:1)
  15 goblins
  5 hobgoblins
  11 jackals
  13 kobolds
  4 quokkas
  2 ball pythons
  3 bats
  4 frilled lizards
  4 rats (D:1)
225 creatures vanquished.

Vanquished Creatures (others)
  An orc warrior (D:9)
  A slave (D:8)
  An orc wizard (D:9)
  3 white imps (IceCv)
  5 ufetubi (IceCv)
  An orc (D:9)
12 creatures vanquished.

Grand Total: 237 creatures vanquished

Notes
Turn   | Place    | Note
-------+----------+-------------------------------------------
     0 | D:1      | Grimmash the Demonspawn Archaeologist began the quest for
                  | the Orb.
     0 | D:1      | Reached XP level 1. HP: 15/15 MP: 2/2
   244 | D:1      | Gained mutation: You are partially covered in sharp spines.
                  | [demonic ancestry]
   244 | D:1      | Reached XP level 2. HP: 21/21 MP: 3/3
   371 | D:1      | Reached skill level 1 in Maces & Flails
   530 | D:1      | Gained mutation: You are partially covered in thin metallic
                  | scales. (AC +2) [demonic ancestry]
   530 | D:1      | Reached XP level 3. HP: 19/26 MP: 4/4
  1234 | D:2      | Found a hazy altar of Hepliaklqana.
  1954 | D:3      | Reached skill level 1 in Armour
  1954 | D:3      | Gained mutation: You are mostly covered in sharp spines.
                  | [demonic ancestry]
  1954 | D:3      | Reached XP level 4. HP: 25/32 MP: 6/6
  2047 | D:3      | Found a shimmering blue altar of Sif Muna.
  2170 | D:3      | Reached skill level 1 in Spellcasting
  2588 | D:4      | Reached XP level 5. HP: 12/38 MP: 7/7
  2588 | D:4      | Identified a scroll of acquirement
  2590 | D:4      | Identified the +2 pair of gloves of Serendipity {+Fly rPois
                  | Dex+3} (You acquired it on level 4 of the Dungeon)
  2590 | D:4      | Identified the amulet of Fixation {Faith rF- rN+ Dex+2
                  | SInv} (You acquired it on level 4 of the Dungeon)
  2757 | D:4      | Noticed an ogre
  2772 | D:4      | Killed an ogre
  2773 | D:4      | Gained mutation: You are mostly covered in thin metallic
                  | scales. (AC +3) [demonic ancestry]
  2773 | D:4      | Reached XP level 6. HP: 15/44 MP: 9/9
  2968 | D:4      | Noticed Sigmund
  2974 | D:4      | Killed Sigmund
  2975 | D:4      | Reached skill level 1 in Short Blades
  3130 | D:4      | Reached XP level 7. HP: 48/51 MP: 11/11
  3178 | D:4      | Noticed Duvessa
  3179 | D:4      | Noticed Dowan
  3187 | D:4      | Killed Duvessa
  3190 | D:4      | Killed Dowan
  3298 | D:4      | Noticed Robin
  3306 | D:4      | Killed Robin
  3402 | D:4      | Found a staircase to the Ecumenical Temple.
  3409 | Temple   | Entered the Ecumenical Temple
  3667 | Temple   | Became a worshipper of Cheibriados the Contemplative
  3740 | D:5      | Entered Level 5 of the Dungeon
  4094 | D:5      | Reached skill level 1 in Invocations
  4528 | D:6      | Found a shadowy altar of Dithmenos.
  4612 | D:6      | Gained mutation: You are completely covered in sharp
                  | spines. [demonic ancestry]
  4612 | D:6      | Reached XP level 8. HP: 58/58 MP: 11/13
  4640 | D:6      | Noticed a troll
  4648 | D:6      | Killed a troll
  4912 | D:6      | Found a sacrificial altar of Ru.
  4914 | D:6      | Found an opulent altar of Gozag.
  4942 | D:6      | Reached * piety under Cheibriados
  4947 | D:6      | Reached skill level 5 in Armour
  4968 | D:6      | Noticed a hippogriff
  4975 | D:6      | Killed a hippogriff
  4995 | D:6      | Reached skill level 5 in Dodging
  4995 | D:6      | Reached XP level 9. HP: 61/65 MP: 13/15
  5260 | D:6      | Found a blossoming altar of Fedhas.
  5408 | D:6      | Found a glowing golden altar of the Shining One.
  5871 | D:7      | Reached skill level 1 in Evocations
  5930 | D:7      | Learned a level 3 spell: Stone Arrow
  6031 | D:7      | Reached skill level 5 in Short Blades
  6033 | D:7      | Reached ** piety under Cheibriados
  6200 | D:7      | Found a white marble altar of Elyvilon.
  6209 | D:7      | Found a blossoming altar of Fedhas.
  6325 | D:7      | Noticed an efreet
  6330 | D:7      | Killed an efreet
  6498 | D:8      | Noticed Psyche
  6516 | D:8      | Killed Psyche
  6517 | D:8      | Reached skill level 1 in Long Blades
  6517 | D:8      | Reached skill level 1 in Conjurations
  6517 | D:8      | Reached skill level 1 in Earth Magic
  6766 | D:8      | Reached XP level 10. HP: 66/73 MP: 17/17
  6915 | D:8      | Reached skill level 5 in Stealth
  6924 | D:8      | Noticed Pikel
  6925 | D:8      | Noticed a six-headed hydra
  6950 | D:8      | Killed Pikel
  7022 | D:8      | Reached skill level 5 in Fighting
  7022 | D:8      | Reached skill level 5 in Invocations
  7043 | D:8      | Killed a one-headed hydra
  7043 | D:8      | Reached *** piety under Cheibriados
  7325 | D:9      | Found a transporter.
  7330 | D:9      | Found a bloodstained altar of Trog.
  7330 | D:9      | Noticed a moth of wrath
  7332 | D:9      | Found a transporter.
  7342 | D:9      | Identified the +6 great mace of Oteo {drain, Int+2 Dex+4}
  7342 | D:9      | Noticed a tengu warrior
  7342 | D:9      | Identified the +9 great mace "Goblinslayer" {antimagic,
                  | Dex+4}
  7342 | D:9      | Noticed an orc knight
  7347 | D:9      | Noticed a two-headed ogre
  7365 | D:9      | Found a staircase to the Lair.
  7457 | D:9      | Noticed elgoggo's ghost (novice MiAK)
  7880 | D:9      | Got a glittering ruby amulet
  7881 | D:9      | Identified the amulet "Tesamai" {Inacc rPois} (You found it
                  | on level 9 of the Dungeon)
  8180 | Lair:1   | Entered Level 1 of the Lair of Beasts
  8190 | Lair:1   | Gained mutation: You have sharp toenails. [demonic
                  | ancestry]
  8190 | Lair:1   | Reached XP level 11. HP: 75/80 MP: 19/19
  8207 | Lair:1   | Found a frozen archway.
  8217 | IceCv    | Entered an ice cave
  8256 | IceCv    | Reached **** piety under Cheibriados
  8340 | IceCv    | Noticed a gelid demonspawn
  8353 | IceCv    | Killed a gelid demonspawn
  8360 | IceCv    | Got a slimy flail
  8680 | IceCv    | Reached skill level 5 in Spellcasting
  9006 | IceCv    | Identified the +8 flail "Podoc" {drain, rN++} (You found it
                  | in an ice cave)
  9588 | Lair:1   | Noticed Urug
  9605 | Lair:1   | Slain by Urug

Skill      XL: |  1  2  3  4  5  6  7  8  9 10 11 |
---------------+----------------------------------+-----
Dodging        | 3 4 5 6 |  6.7
Maces & Flails | 1 |  1.9
Armour         | 1 2 3 4 5 6 |  6.6
Spellcasting   | 1 2 3 4 5 |  5.1
Fighting       | 2 3 4 5 |  5.5
Short Blades   | 1 3 4 5 6 |  6.9
Invocations    | 1 3 4 5 6 |  6.1
Stealth        | 4 5 |  5.5
Evocations     | 2 3 |  3.4
Long Blades    | 1 2 |  2.8
Conjurations   | 1 3 |  3.4
Earth Magic    | 1 2 |  2.7

Action                   |  1- 3 |  4- 6 |  7- 9 | 10-12 || total
-------------------------+-------+-------+-------+-------++-------
Melee: Whip              |   142 |    33 |       |       ||   175
       Dagger            |       |    33 |   222 |   238 ||   493
       Scimitar          |       |       |       |    29 ||    29
 Fire: Blowgun           |       |       |     2 |     3 ||     5
Throw: Tomahawk          |       |       |       |     1 ||     1
 Cast: Stone Arrow       |       |       |     1 |    10 ||    11
Invok: Defer             |       |       |       |     1 ||     1
Evoke: Wand              |       |       |     4 |     2 ||     6
  Use: Scroll            |     2 |     2 |     1 |     9 ||    14
       Potion            |       |       |       |     1 ||     1
 Stab: Sleeping          |     6 |     2 |     7 |     1 ||    16
       Distracted        |       |       |     1 |       ||     1
  Eat: Chunk             |     5 |     8 |    11 |     5 ||    29
       Ration            |       |       |     1 |     2 ||     3
Armor: Robe              |     7 |       |       |       ||     7
       Ring mail         |    28 |    23 |    21 |       ||    72
       Troll leather arm |       |       |    35 |    42 ||    77
       Crystal plate arm |       |       |       |    63 ||    63
Dodge: Dodged            |    64 |    45 |   125 |   228 ||   462
Block: Other             |       |       |       |     6 ||     6
